 Dungeon Crawl Stone Soup version 0.26-a0-690-gcb57259078 (webtiles) character file.

Game seed: 13009284303924467139

135 lunkers the Chiller (level 4, -6/30 HPs)
             Began as a Vampire Ice Elementalist on Oct 23, 2020.
             Blown up by Ijyb (15 damage)
             ... with a disintegration bolt
             ... on level 3 of the Dungeon.
             The game lasted 00:06:09 (2963 turns).

lunkers the Chiller (Vampire Ice Elementalist)      Turns: 2963, Time: 00:06:10

Health: -6/30      AC:  4    Str:  7    XL:     4   Next: 96%
Magic:  5/8        EV: 12    Int: 24    God:
Gold:   111        SH:  0    Dex: 14    Spells: 5/9 levels left

rFire    x . .     SeeInvis +   l - +0 short sword
rCold    + . .     Faith    .   (no shield)
rNeg     . . .     Spirit   .   s - +2 robe
rPois    .         Reflect  .   (no helmet)
rElec    .         Harm     .   (no cloak)
rCorr    .         Rampage  .   (no gloves)
MR       .....                  (no boots)
Stlth    ++........             (no amulet)
HPRegen  0.30/turn              h - +6 ring of intelligence
MPRegen  0.11/turn              t - ring of ice

@: brilliant, frozen ramparts, regenerating quickly
A: fangs 3, see invisible, unbreathing
a: Exsanguinate


You were on level 3 of the Dungeon.
You visited 1 branch of the dungeon, and saw 3 of its levels.

You collected 111 gold pieces.

Inventory:

Hand Weapons
 l - a +0 short sword (weapon)
Armour
 s - a +2 robe (worn)
Jewellery
 h - a +6 ring of intelligence (left hand)
 t - a ring of ice (right hand)
Scrolls
 b - a scroll of magic mapping {unknown}
 c - 4 scrolls of identify {unknown}
 e - a scroll of remove curse {unknown}
 f - a scroll of noise {unknown}
 i - 4 scrolls of blinking {unknown}
 m - 5 scrolls of enchant weapon {unknown}
 n - a scroll of fog {unknown}
 o - 2 scrolls of amnesia {unknown}
 q - a scroll of teleportation {unknown}
Potions
 a - a potion of mutation {unknown}
 d - a potion of degeneration {unknown}
 g - 2 potions of brilliance
 j - a potion of stabbing {unknown}
 k - a potion of curing
 p - a potion of cancellation {unknown}
 r - a potion of invisibility {unknown}


   Skills:
 - Level 2.1 Dodging
 - Level 3.0 Stealth
 + Level 3.2 Spellcasting
 * Level 5.6 Ice Magic


You had 5 spell levels left.
You knew the following spells:

 Your Spells              Type           Power        Failure   Level
a - Freeze                Ice            ####         1%          1
b - Frozen Ramparts       Ice            ######       3%          3

Your spell library contained the following spells:

 Spells                   Type           Power        Failure   Level
 Ozocubu's Armour         Ice            ######..     3%          3
 Hailstorm                Conj/Ice       #####...     32%         4
 Summon Ice Beast         Ice/Summ       #####...     32%         4


Dungeon Overview and Level Annotations

Branches:
Dungeon (3/15)

Altars:
Sif Muna

Annotations:
D:3 Ijyb


Innate Abilities, Weirdness & Mutations

Your natural rate of healing is unusually fast.
You have razor-sharp teeth.
You have supernaturally acute eyesight. (SInv)
You can survive without breathing.


Message History

Ijyb resists.
The wall freezes Ijyb.
Ijyb screams, "Die!"
Ijyb hits you with a +0 club.
You hit Ijyb but do no damage.
Ijyb is moderately wounded.
Ijyb resists.
The wall freezes Ijyb.
Ijyb zaps a wand.
You are blasted!
Ouch! That really hurt!
* * * LOW HITPOINT WARNING * * *
Ijyb resists.
The wall freezes Ijyb.
Ijyb closely misses you.
Okay, then.
It was a potion of curing.
You feel better.
You closely miss Ijyb.
Ijyb is heavily wounded.
Ijyb resists.
The wall freezes Ijyb.
Ijyb hits you with a +0 club.
* * * LOW HITPOINT WARNING * * *
You barely miss Ijyb.
Ijyb is severely wounded.
Ijyb resists.
The wall freezes Ijyb.
Ijyb zaps a wand.
You are blasted!
Ouch! That really hurt!
You die...

....... ##.....
....... # ....... ##
#.#####...... #.#
............
#..#########.....#####
#.....g....(. #†.#....
#....@# #.......
#...#.####### #.##....
##..........###.##....
#..###.###.....##....
##...#.######........
# #....# ##.##....
##.#.## #.#.....
#....#####...##.#
##....((........#


You could see Ijyb.

Vanquished Creatures
  Jessica (D:3)
  4 adders
  4 worms (D:2)
  4 dart slugs
  A leopard gecko (D:3)
  3 orcs (D:3)
  A ball python (D:2)
  2 giant cockroaches (D:3)
  3 hobgoblins
  4 jackals (D:2)
  5 kobolds
  A quokka (D:2)
  5 bats
  4 frilled lizards
  4 goblins
  8 rats
54 creatures vanquished.

Vanquished Creatures (others)
  7 toadstools (D:1)
7 creatures vanquished.

Grand Total: 61 creatures vanquished

Notes
Turn   | Place    | Note
-------+----------+-------------------------------------------
     0 | D:1      | lunkers the Vampire Ice Elementalist began the quest for
                  | the Orb.
     0 | D:1      | Reached XP level 1. HP: 13/13 MP: 3/3
   382 | D:1      | Reached XP level 2. HP: 19/19 MP: 0/5
  1365 | D:2      | Reached XP level 3. HP: 19/24 MP: 2/6
  1387 | D:2      | Learned a level 3 spell: Frozen Ramparts
  1621 | D:2      | Reached skill level 5 in Ice Magic
  2046 | D:2      | Reached XP level 4. HP: 30/30 MP: 6/8
  2150 | D:2      | Found a faded altar of an unknown god.
  2484 | D:3      | Noticed Jessica
  2508 | D:3      | Killed Jessica
  2792 | D:3      | Found a shimmering blue altar of Sif Muna.
  2953 | D:3      | Noticed Ijyb
  2963 | D:3      | Blown up by Ijyb

Illustrated notes

Levels and vault maps discovered:
D:1:      nagdon_arrival_double_spiral, layout_loops_corners
D:2:      layout_loops_ring, chequers_ecumenical_altar_island
D:3:      layout_rooms, tgw_sif, uniq_jessica, uniq_ijyb

Skill      XL: |  1  2  3  4 |
---------------+-------------+-----
Ice Magic      | 5 |  5.6
Spellcasting   | 3 |  3.2
Dodging        | |  2.1
Stealth        | |  3.0

Action                   |  1- 3 |  4- 6 || total
-------------------------+-------+-------++-------
Melee: Short sword       |     9 |     6 ||    15
 Cast: Freeze            |    54 |    34 ||    88
       Frozen Ramparts   |     4 |     1 ||     5
  Use: Potion            |       |     2 ||     2
 Stab: Sleeping          |       |     1 ||     1
Armor: Robe              |     5 |     8 ||    13
Dodge: Dodged            |    25 |    28 ||    53

Table legend: (Time is in decaauts)
 A = Elapsed time spent in this place.
 B = Non-inter-level travel time spent in this place.
 C = Inter-level travel time spent in this place.
 D = Time resting spent in this place.
 E = Time spent auto-exploring this place.
 F = Levels seen in this place.
 G = Mean time per level.
                   A        B        C        D        E       F      G
               +--------+--------+--------+--------+--------+-----+--------+
         Total |   3003 |   2959 |     44 |    154 |   2317 |   3 | 1001.0 |
       Dungeon |   3003 |   2959 |     44 |    154 |   2317 |   3 | 1001.0 |
               +--------+--------+--------+--------+--------+-----+--------+

Top non-repeatable levels by time:
     D:1: 1231 daAuts
     D:2: 1194 daAuts
     D:3: 578 daAuts
